Map: [ESL] Royal Blood

Players

Oliveira - Winner!

  • Race: Terran Terran
  • Spawn Location: 7:00

Coffee

  • Race: Terran Terran
  • Spawn Location: 1:00

Event: ESL SC2 Masters 2023 Summer (Regionals)

VOD

Have the link to the VOD?

Description

Time

  • Played on: May 21, 2023, 9:45 a.m.
  • Length: 9:12

All games in this series

Show
View Real Time Build Order
Export as new Build Order

Oliveira Terran - Winner!

Build Orders:  

Get SALT Encoding   

  12  0:00  SCV  
  13  0:12  SCV  
  14  0:16  Supply Depot  
  14  0:24  SCV  
  15  0:38  SCV  
  15  0:39  Barracks  
  16  0:44  Refinery  
  16  0:50  SCV  
  16  0:53  Refinery  
  17  1:02  SCV  
  18  1:14  SCV  
  19  1:27  Orbital Command, Reaper  
  19  1:29  Supply Depot  
  20  1:43  Factory  
  20  1:53  SCV  
  21  1:59  Reaper  
  22  2:05  SCV  
  23  2:17  SCV  
  23  2:21  Command Center  
  24  2:27  Hellion  
  24  2:29  SCV  
  27  2:35  Barracks Tech Lab  
  27  2:39  Supply Depot  
  27  2:41  SCV  
  28  2:54  SCV  
  28  2:57  Starport  
  29  3:00  Cyclone  
  29  3:04  Barracks Reactor  
  32  3:11  SCV  
  33  3:23  SCV  
  34  3:32  Siege Tank  
  37  3:34  Orbital Command  
  37  3:35  Starport Tech Lab  
  37  3:36  SCV  
  37  3:40  Refinery  
  38  3:41  Marine x2  
  38  3:48  SCV  
  41  4:00  SCV  
  41  4:02  Raven  
  43  4:03  Marine  
  43  4:06  Marine  
  43  4:11  Command Center  
  43  4:12  SCV  
  43  4:16  SCV  
  43  4:23  Siege Tank  
  46  4:24  SCV  
  46  4:28  SCV  
  49  4:36  SCV  
  51  4:39  Supply Depot  
  51  4:40  Raven, SCV  
  52  4:48  SCV  
  53  4:54  SCV  
  54  5:00  Barracks x2  
  54  5:01  Marine, Factory Reactor  
  54  5:03  SCV  
  54  5:06  SCV  
  57  5:15  SCV  
  57  5:18  Raven, SCV  
  57  5:19  Marine  
  62  5:23  Engineering Bay x2  
  62  5:27  Orbital Command, SCV, Refinery  
  63  5:30  SCV  
  64  5:37  Marine, Supply Depot  
  64  5:39  SCV  
  67  5:42  SCV  
  67  5:43  Supply Depot  
  66  5:53  Marine  
  66  5:54  Marine  
  68  5:57  SCV  
  68  5:58  SCV  
  68  6:01  Marine  
  68  6:02  Marine  
  68  6:03  Starport Reactor  
  73  6:04  SCV  
  73  6:06  Terran Infantry Weapons Level 1, Terran Infantry Armor Level 1  
  73  6:10  Siege Tank  
  77  6:13  Marine  
  77  6:15  SCV  
  77  6:16  Marine  
  77  6:17  SCV  
  78  6:19  Barracks Tech Lab  
  78  6:24  Orbital Command  
  78  6:26  Marine  
  78  6:27  Barracks  
  78  6:28  Barracks  
  78  6:29  SCV, Supply Depot  
  80  6:38  SCV  
  80  6:39  Marine  
  80  6:40  Stimpack, Marine  
  80  6:41  Viking x2  
  80  6:42  Siege Tank  
  80  6:43  SCV  
  89  6:50  SCV x2, Supply Depot  
  89  6:53  Marine x2  
  92  6:55  Supply Depot  
  92  6:57  SCV  
  93  7:01  Supply Depot  
  93  7:11  Marine x2  
  92  7:18  Siege Tank  
  92  7:21  Marine, Viking x2  
  100  7:27  Barracks Reactor  
  100  7:28  SCV, Barracks Reactor  
  100  7:29  SCV x2  
  103  7:31  Marine, Supply Depot  
  103  7:33  Marine  
  103  7:35  Supply Depot  
  105  7:38  Marine  
  105  7:40  SCV  
  105  7:41  SCV  
  106  7:47  Marine  
  106  7:50  SCV  
  104  7:53  SCV x2, Marine  
  104  7:54  Viking, Siege Tank  
  112  8:02  SCV  
  112  8:05  Marine x2, Viking  
  114  8:06  SCV  
  114  8:09  SCV  
  114  8:11  Marine  
  114  8:12  Armory  
  119  8:15  SCV  
  119  8:17  Sensor Tower  
  119  8:18  SCV  
  121  8:21  Refinery  
  121  8:22  Marine, Refinery  
  121  8:25  Marine  
  123  8:31  Medivac, Siege Tank  
  123  8:32  Marine x4  
  130  8:34  Marine  
  130  8:36  Supply Depot  
  131  8:45  Marine x2  
  131  8:46  SCV x2  
  131  8:47  SCV  
  132  8:53  Marine x2, Missile Turret  
  133  8:58  Supply Depot x2  
Show
View Real Time Build Order
Export as new Build Order

Coffee Terran 

Build Orders:  

Get SALT Encoding   

  12  0:00  SCV  
  13  0:12  SCV  
  14  0:16  Supply Depot  
  14  0:24  SCV  
  15  0:38  SCV  
  15  0:39  Barracks  
  15  0:42  Refinery  
  16  0:50  SCV  
  16  0:52  Refinery  
  17  1:02  SCV  
  18  1:14  SCV  
  19  1:26  Orbital Command, Reaper  
  19  1:29  Supply Depot  
  20  1:42  Factory  
  20  1:52  SCV  
  21  1:59  Barracks Reactor  
  21  2:04  SCV  
  22  2:15  Command Center  
  22  2:17  SCV  
  23  2:25  Hellion  
  23  2:29  SCV  
  26  2:35  Reaper x2  
  28  2:37  Supply Depot  
  28  2:41  SCV  
  29  2:46  Hellion  
  31  2:54  Starport  
  31  2:59  SCV  
  32  3:07  Reaper x2  
  32  3:11  Hellion, SCV  
  37  3:19  Refinery  
  37  3:23  SCV  
  37  3:26  Orbital Command  
  38  3:31  Starport Tech Lab  
  38  3:32  Factory Tech Lab  
  38  3:35  SCV  
  38  3:39  Marine  
  38  3:40  Marine  
  41  3:47  SCV  
  42  3:49  Raven  
  42  3:52  SCV  
  42  3:54  Supply Depot  
  45  3:59  Cyclone  
  41  4:11  Marine x2  
  41  4:15  SCV x2  
  43  4:19  Supply Depot  
  43  4:23  Raven  
  43  4:27  SCV  
  43  4:28  SCV  
  43  4:29  Marine x2  
  43  4:31  Siege Tank  
  50  4:39  SCV  
  50  4:40  SCV  
  52  4:50  Marine x2  
  52  4:52  SCV x2  
  56  4:58  Raven  
  56  4:59  Command Center  
  58  5:04  Siege Tank  
  58  5:06  SCV  
  58  5:07  SCV  
  63  5:11  Marine x2  
  65  5:18  SCV  
  65  5:19  SCV  
  67  5:23  Refinery, Supply Depot  
  67  5:31  SCV x2  
  69  5:43  SCV  
  69  5:45  Liberator, SCV, Siege Tank  
  69  5:46  Supply Depot  
  77  5:55  SCV  
  78  6:08  SCV x2, Viking  
  82  6:16  Barracks, Marine  
  82  6:17  Barracks  
  83  6:22  SCV  
  84  6:26  Siege Tank  
  84  6:27  Orbital Command  
  84  6:28  Viking  
  84  6:29  SCV  
  90  6:34  SCV  
  90  6:35  Marine  
  90  6:38  Viking  
  94  6:41  SCV  
  94  6:42  Stimpack  
  94  6:46  SCV  
  96  6:53  Engineering Bay x2  
  96  6:56  SCV x2  
  96  6:57  Liberator  
  101  7:09  Barracks Reactor  
  101  7:11  Barracks Reactor  
  101  7:14  Marine  
  101  7:19  SCV x2  
  101  7:27  Viking  
  101  7:28  Siege Tank  
  101  7:35  Supply Depot x3  
  101  7:36  SCV, Supply Depot  
  100  7:43  SCV  
  101  7:56  Marine x3, Viking  
  101  7:57  Barracks, SCV x3, Viking  
  111  8:00  Armory, Siege Tank  
  111  8:01  Barracks  
  114  8:06  Marine  
  114  8:09  SCV x3  
  118  8:16  Refinery  
  118  8:17  Refinery, Supply Depot x2  
  118  8:18  Marine x2  
  120  8:21  SCV x3  
  124  8:34  Viking x2  
  124  8:35  Siege Tank  
  128  8:44  Command Center  
  128  8:46  Marine x3  
  128  8:47  Marine, Barracks Reactor x2  
  131  9:02  Sensor Tower  
Tags
 
Add a new tag
Caveats
  • Supply blocks, unpowered buildings, or Contaminate may cause inaccurate times.
  • Supply counts are checked every 10 seconds.